 Dungeon Crawl Stone Soup version 0.31-a0-188-g5e087ee2ca (webtiles) character file.

Game seed: 3085210572052748835

24 qw the Shooter (level 2, 0/16 HPs)
             Began as a Deep Elf Hunter on June 23, 2023.
             Slain by a jackal (3 damage)
             ... on level 1 of the Dungeon.
             The game lasted 00:00:12 (283 turns).

qw the Shooter (Deep Elf Hunter)                     Turns: 283, Time: 00:00:12

Health: 0/16       AC:  3    Str:  8    XL:     2   Next: 79%
Magic:  4/4        EV: 12    Int: 13    God:
Gold:   18         SH:  0    Dex: 18    Spells: 1/1 levels left

rFire   . . .        a - +0 shortbow
rCold   . . .        (shield currently unavailable)
rNeg    . . .        c - +0 leather armour
rPois   .            (no helmet)
rElec   .            (no cloak)
rCorr   .            (no gloves)
SInv    .            (no boots)
Will    .....        (no amulet)
Stlth   ++           (no ring)
HPRegen 0.22/turn    (no ring)
MPRegen 0.09/turn

%: no passive effects
@: no status effects
A: no striking features
a: no special abilities


You were on level 1 of the Dungeon.
You visited 1 branch of the dungeon, and saw 1 of its levels.

You collected 18 gold pieces.


   Skills:
 - Level 1.5 Fighting
 + Level 6.5 Ranged Weapons
 - Level 2.4 Dodging
 - Level 1.2 Stealth


You had one spell level left.
You didn't know any spells.
Your spell library was empty.

Inventory:

Hand Weapons
 a - a +0 shortbow (weapon)
Armour
 c - a +0 leather armour (worn)
 e - a +0 scale mail
Scrolls
 b - a scroll of butterflies
 d - 3 scrolls of immolation {unknown}

Dungeon Overview and Level Annotations

Branches:
Dungeon (1/15)

Altars:


Message History

The goblin shouts!
The jackal bites you. x2; The jackal barely misses you.
You shoot an arrow.
The arrow hits the jackal but does no damage.
The jackal is moderately wounded.
The jackal closely misses you. The jackal bites you. The jackal misses you.
The jackal bites you. x2
You shoot an arrow. The arrow closely misses the jackal.
The jackal closely misses you. The jackal barely misses you.
A rat comes into view.
The jackal barely misses you. The jackal bites you.
You shoot an arrow. The arrow closely misses the jackal.
The jackal closely misses you. x2; The jackal barely misses you.
The jackal closely misses you. The jackal completely misses you.
The jackal bites you but does no damage.
You shoot an arrow. The arrow closely misses the jackal.
The jackal barely misses you. The jackal misses you. The jackal bites you.
The jackal bites you but does no damage.
You shoot an arrow. The arrow misses the jackal.
The jackal barely misses you.
The jackal bites you but does no damage.
The jackal closely misses you. x2; The ball python misses you.
The ball python grabs you. The ball python constricts you.
The jackal closely misses you.
You shoot an arrow.
The arrow closely misses the ball python.
The jackal barely misses you. The jackal bites you.
The ball python barely misses you. The ball python constricts you.
The jackal bites you.
A kobold comes into view. It is wielding a +0 club.
The jackal barely misses you.
The jackal bites you but does no damage.
You shoot an arrow. The kobold shouts!
The arrow hits the ball python!
You kill the ball python!
You hear a shout!
The jackal bites you but does no damage.
The jackal barely misses you. The jackal bites you.
You die...

#.~~~¤¤¤......~~~~~~.#
#.~¤><~~......~~~~~~.#
#>..~~~¤~~......~~~~~~.#
#....¤~¤~..####..~~~~..#
#.........## ##......##
###....##.# #.#..####
######+##.## .#.....#
K..........####..#.###.#
.....)h@........##.#....
.....rhhg.%.######'#.#.#
.........##...###......#
.........####..##.......
......................).
.......#.#.......#......
.....#.....#...#........
...#....#....#....#....#
.....#...#.......#


You could see 3 jackals, a goblin, a kobold and a rat.

Vanquished Creatures
  2 endoplasms (D:1)
  A giant cockroach (D:1)
  A goblin (D:1)
  4 hobgoblins (D:1)
  4 jackals (D:1)
  4 ball pythons (D:1)
  A bat (D:1)
  A frilled lizard (D:1)
  2 kobolds (D:1)
  A rat (D:1)
21 creatures vanquished.

Notes
Turn   | Place    | Note
-------+----------+-------------------------------------------
     0 | D:1      | qw the Deep Elf Hunter began the quest for the Orb.
     0 | D:1      | Reached XP level 1. HP: 12/12 MP: 3/3
     0 | D:1      | 0 ||| qw: Version: 0.3-a-9-g12657ce
     0 | D:1      | 0 ||| qw: Game counter: 3780
     0 | D:1      | 0 ||| qw: Always use a shield: true
     0 | D:1      | 0 ||| qw: God list: Okawaru
     0 | D:1      | 0 ||| qw: Allow faded altars: false
     0 | D:1      | 0 ||| qw: Do Orc after D:15 true
     0 | D:1      | 0 ||| qw: Do second Lair branch before Depths: true
     0 | D:1      | 0 ||| qw: Lair rune preference: random
     0 | D:1      | 0 ||| qw: Plans: Normal
     0 | D:1      | 0 ||| PLANNING D:1-11
   170 | D:1      | 170 ||| Stepping ~*~*~tactically~*~*~ (outnumbered).
   175 | D:1      | Reached skill level 6 in Ranged Weapons
   175 | D:1      | Reached XP level 2. HP: 16/16 MP: 4/4
   282 | D:1      | HP: 4/16 [jackal (1)]
   283 | D:1      | Slain by a jackal

Levels and vault maps discovered:
D:1:      dpeg_arrival_pits, layout_basic, minmay_misc_feat_enclosed,
          nicolae_kite_square_tiling_tiny, minmay_box_of_dots

Skill      XL: |  1 |
---------------+----+-----
Ranged Weapons | 6 |  6.5
Fighting       | |  1.5
Dodging        | |  2.4
Stealth        | |  1.2

Action                     || total
---------------------------++-------
   Fire: Shortbow          ||    67
 Armour: Leather armour    ||    13
  Dodge: Dodged            ||    52

Table legend:
 A = Non-vault XP
 B = Vault XP
 C = Vault XP percentage of total XP
 D = Non-vault monster count
 E = Vault monster count
 F = Vault count percentage of total count
                 A         B        C        D         E       F
            +---------+---------+-------+---------+---------+-------
      Total |      37 |       0 |   0.0 |      21 |       0 |   0.0
            +---------+---------+-------+---------+---------+-------
        D:1 |      37 |       0 |   0.0 |      21 |       0 |   0.0
            +---------+---------+-------+---------+---------+-------
